 Dungeon Crawl Stone Soup version 0.27-a0-1144-g0b7d3b79db (webtiles) character file.

Game seed: 8580014580190964332

22 MackTheFife the Ducker (level 2, -2/23 HPs)
             Began as a Vampire Monk on May 10, 2021.
             Slain by a gnoll
             ... wielding a +0 spear
              (11 damage)
             ... on level 2 of the Dungeon.
             The game lasted 00:04:53 (1176 turns).

MackTheFife the Ducker (Vampire Monk)               Turns: 1176, Time: 00:04:54

Health: -2/23      AC:  2    Str: 10    XL:     2   Next: 68%
Magic:  2/2        EV: 14    Int: 12    God:
Gold:   45         SH:  0    Dex: 16    Spells: 1/1 levels left

rFire    . . .     SeeInvis +     - Unarmed
rCold    . . .     Faith    .   (no shield)
rNeg     . . .     Spirit   .   a - +0 robe
rPois    .         Reflect  .   (no helmet)
rElec    .         Harm     .   (no cloak)
rCorr    .         Rampage  .   (no gloves)
Will     .....                  (no boots)
Stlth    ++........             (no amulet)
HPRegen  0.27/turn              (no ring)
MPRegen  0.08/turn              (no ring)

@: healing quickly
A: alive, fangs 3, see invisible, vampiric 1
a: Exsanguinate


You were on level 2 of the Dungeon.
You visited 1 branch of the dungeon, and saw 3 of its levels.

You collected 45 gold pieces.

Inventory:

Armour
 a - a +0 robe (worn)
Jewellery
 e - a +6 ring of intelligence
Scrolls
 b - 3 scrolls of identify
Potions
 c - a potion of heal wounds
 d - a potion of brilliance {unknown}
 f - a potion of lignification {unknown}


   Skills:
 - Level 2.6 Fighting
 + Level 4.4 Dodging
 - Level 3.0 Stealth
 - Level 3.2 Unarmed Combat


You had one spell level left.
You didn't know any spells.
Your spell library was empty.

Dungeon Overview and Level Annotations

Branches:
Dungeon (3/15)

Altars:

Shops:
D:3 :


Innate Abilities, Weirdness & Mutations

Your natural rate of healing is accelerated.
You have razor-sharp teeth.
You have supernaturally acute eyesight. (SInv)
You are afflicted with vampirism.


Message History

You hit the kobold.
The kobold is heavily wounded.
The ball python hisses angrily.
You closely miss the kobold.
The kobold is heavily wounded.
The kobold barely misses you.
You hit the kobold.
You kill the kobold!
A black bear comes into view.
The quokka misses you.
There is a stone staircase leading up here.
The quokka closely misses you. The ball python misses you.
The ball python grabs you. The ball python constricts you.
You escape the ball python's grasp.
A ball python comes into view.
The ball python hisses angrily.
The black bear bites you. The black bear claws you. x2
Found Anaodgh's Book Boutique.
A kobold comes into view. It is wielding a +0 short sword.
There is a stone staircase leading up here.
You can't go down here!
The black bear barely misses you. The black bear misses you.
The black bear barely misses you.
You climb upwards.
The gnoll hits you with a +0 flail! The gnoll closely misses you.
There is a stone staircase leading down here.
The gnoll barely misses you. The black bear bites you!
* * * LOW HITPOINT WARNING * * *
The black bear claws you.
* * * LOW HITPOINT WARNING * * *
The black bear barely misses you. The gnoll misses you.
Found a stone staircase leading up.
The gnoll shouts!
The gnoll misses you. The gnoll closely misses you.
As you read the scroll labelled ILYTEA POMA, it crumbles to dust.
It is a scroll of identify.
c - a potion of heal wounds The gnoll hits you from afar with a +0 spear!
You die...

# #........<# ########## #####
#.........# .........###...#
#.........# ###........).#.#
#.........# #.>.....####.##
#....(....## # #......## #.g#
#........... # #>.....## ##g#
#..........( # ###.##..## #g##
###.##...... # #.##...## #.@#
#.###..... ..#..#..####h# ##.#
#.....
.....###..###g######..###....!
......<........................
.....##########.................
......# #....(.#.#######. #.#
#..###...# ......##..## #.#
..####.#..g##


You could see a black bear and 4 gnolls.

Vanquished Creatures
  A dart slug (D:2)
  3 bats
  3 giant cockroaches
  3 goblins (D:1)
  2 hobgoblins
  2 ball pythons (D:1)
  A frilled lizard (D:2)
  3 kobolds
  A rat (D:1)
19 creatures vanquished.

Notes
Turn   | Place    | Note
-------+----------+-------------------------------------------
     0 | D:1      | MackTheFife the Vampire Monk began the quest for the Orb.
     0 | D:1      | Reached XP level 1. HP: 17/17 MP: 1/1
   560 | D:2      | Reached XP level 2. HP: 23/23 MP: 2/2
   609 | D:2      | Reached skill level 4 in Dodging
  1130 | D:3      | Noticed a black bear
  1143 | D:3      | Found Anaodgh's Book Boutique.
  1176 | D:2      | Slain by a gnoll

Illustrated notes

Levels and vault maps discovered:
D:1:      amcnicky_arrival_gap_in_the_tavern_cellar, layout_loops_corners,
          ebering_ecumenical_altar_mist
D:2:      layout_rooms, kennysheep_generic_room_15, uniq_robin
D:3:      layout_loops_ring, serial_shops, shop, kennysheep_generic_room_13,
          uniq_crazy_yiuf_cottage

Skill      XL: |  1  2 |
---------------+-------+-----
Dodging        | 4 |  4.4
Fighting       | |  2.6
Stealth        | |  3.0
Unarmed Combat | |  3.2

Action                   || total
-------------------------++-------
Melee: Unarmed           ||    52
       Bite              ||     1
       Punch             ||     2
  Use: Scroll            ||     1
 Stab: Sleeping          ||     5
Armor: Robe              ||    10
Dodge: Dodged            ||    38

Table legend: (Time is in decaauts)
 A = Elapsed time spent in this place.
 B = Non-inter-level travel time spent in this place.
 C = Inter-level travel time spent in this place.
 D = Time resting spent in this place.
 E = Time spent auto-exploring this place.
 F = Levels seen in this place.
 G = Mean time per level.
                   A        B        C        D        E       F      G
               +--------+--------+--------+--------+--------+-----+--------+
         Total |   1173 |   1173 |      0 |    133 |    415 |   3 |  391.0 |
       Dungeon |   1173 |   1173 |      0 |    133 |    415 |   3 |  391.0 |
               +--------+--------+--------+--------+--------+-----+--------+

Top non-repeatable levels by time:
     D:1: 827 daAuts
     D:2: 314 daAuts
     D:3: 32 daAuts
